 Dungeon Crawl Stone Soup version 0.30-a0-782-ge64f9170bb (webtiles) character file.

Game seed: 88777337070700026

486 Dirian the Chopper (level 6, -2/55 HPs)
             Began as a Minotaur Fighter on Mar 9, 2023.
             Slain by Sigmund
             ... wielding a +2 scythe of freezing
              (4 damage)
             ... on level 4 of the Dungeon.
             The game lasted 00:05:21 (3237 turns).

Dirian the Chopper (Minotaur Fighter)               Turns: 3237, Time: 00:05:22

Health: -2/55      AC:  8    Str: 23    XL:     6   Next: 89%
Magic:  5/5        EV:  9    Int:  5    God:
Gold:   112        SH:  4    Dex:  9    Spells: 5/5 levels left

rFire   . . .      SeeInvis .    a - +0 war axe
rCold   . . .      Faith    .    c - +0 buckler
rNeg    . . .      Spirit   .    b - +0 scale mail
rPois   .          Reflect  .    (helmet restricted)
rElec   .          Harm     .    g - +0 cloak
rCorr   .          Rampage  .    (no gloves)
Will    +....                    (no boots) Stlth
                                 (no amulet)
HPRegen 0.29/turn                o - ring of willpower
MPRegen 0.09/turn                (no ring)

@: invisible
A: horns 2, retaliatory headbutt
a: no special abilities


You were on level 4 of the Dungeon.
You visited 1 branch of the dungeon, and saw 4 of its levels.

You collected 112 gold pieces.

Inventory:

Hand Weapons
 a - a +0 war axe (weapon)
 m - a +0 mace
Armour
 b - a +0 scale mail (worn)
 c - a +0 buckler (worn)
 g - a +0 cloak (worn)
Jewellery
 o - a ring of willpower (left hand)
Scrolls
 f - 3 scrolls of immolation
 n - a scroll of acquirement
 p - a scroll of enchant armour {unknown}
 q - a scroll of torment {unknown}
 t - a scroll of teleportation
Potions
 e - 2 potions of magic
 h - a potion of invisibility
 i - a potion of brilliance {unknown}
 j - 2 potions of lignification {unknown}
 s - a potion of curing {unknown}


   Skills:
 + Level 4.9 Fighting
 + Level 6.2 Axes
 + Level 5.7 Armour
 + Level 4.8 Shields


You had 5 spell levels left.
You didn't know any spells.
Your spell library contained the following spells:

 Spells                   Type           Power      Damage    Failure   Level
 Sublimation of Blood     Necr           0%         N/A       94%         2
 Wereblood                Tmut           0%         N/A       94%         2
 Summon Hydra             Summ           0%         N/A       100%        7


Dungeon Overview and Level Annotations

Branches:
Dungeon (4/15) Zot: 20708
 Temple: D:4-7

Altars:
Cheibriados
Dithmenos
Elyvilon
Hepliaklqana
Kikubaaqudgha
The Shining One

Annotations:
D:4 Sigmund


Innate Abilities, Weirdness & Mutations

You have a pair of horns on your head.
You reflexively headbutt those who attack you in melee.


Message History

a +0 halberd; a gnoll corpse A magic dart appears from out of thin air!
The magic dart hits you. Something hits you. Something freezes you.
You closely miss something. Something hits you. Something freezes you.
You barely miss something. You closely miss something.
Your headbutt misses something. Something hits you. Something freezes you.
You miss something. You headbutt something.
Something hits you but does no damage.
You barely miss something. Something hits you but does no damage.
You closely miss something. Your headbutt misses something.
You barely miss something.
You hear some strange, mumbled words.
A puff of flame appears from out of thin air!
The puff of flame hits you.
You hear some strange, mumbled words.
A puff of flame appears from out of thin air!
The puff of flame hits you but does no damage.
You closely miss something. Something hits you. Something freezes you.
You miss something. Your headbutt misses something. Something hits you.
Something freezes you.
You miss something. You closely miss something.
Something hits you but does no damage.
You miss something. Something hits you. Something freezes you.
You barely miss something. Something hits you!
* * * LOW HITPOINT WARNING * * *
Something freezes you.
* * * LOW HITPOINT WARNING * * *
You closely miss something. Your headbutt misses something.
Something hits you but does no damage.
You barely miss something. You headbutt something.
It was a potion of invisibility.
You fade into invisibility!
You hear some strange, mumbled words.
A magic dart appears from out of thin air!
The magic dart hits you.
* * * LOW HITPOINT WARNING * * *
You barely miss something. Something hits you.
You die...

... #...#..##...
.... #......##.###
... ###.........#
.... ##..........
.....###........#.#
................#
####.##.[......##
#.............#
#.......@{...##
##......[#..[#
##..#..###.##
#####.# ## ###


There were no monsters in sight!

Vanquished Creatures
  Grinder (D:3)
  A scorpion (D:4)
  An orc wizard (D:3)
  6 gnolls (D:4)
  5 adders
  2 worms
  4 dart slugs
  4 orcs
  9 ball pythons
  4 bats
  2 bat zombies (D:4)
  9 endoplasms
  2 giant cockroaches (D:1)
  4 goblins
  6 hobgoblins
  7 kobolds
  5 quokkas
  3 frilled lizards
  5 rats
  A rat zombie (D:4)
81 creatures vanquished.

Notes
Turn   | Place    | Note
-------+----------+-------------------------------------------
     0 | D:1      | Dirian the Minotaur Fighter began the quest for the Orb.
     0 | D:1      | Reached XP level 1. HP: 19/19 MP: 0/0
   109 | D:1      | Found a faded altar of an unknown god.
   118 | D:1      | Reached XP level 2. HP: 27/27 MP: 1/1
   566 | D:1      | Reached XP level 3. HP: 33/33 MP: 2/2
   677 | D:1      | Reached skill level 3 in Axes
  1390 | D:2      | Reached XP level 4. HP: 36/40 MP: 3/3
  1704 | D:3      | Reached skill level 4 in Axes
  1776 | D:3      | Noticed Grinder
  1779 | D:3      | Paralysed by Grinder for 2 turns
  1793 | D:3      | Killed Grinder
  1794 | D:3      | Reached skill level 5 in Axes
  1794 | D:3      | Reached skill level 5 in Armour
  1794 | D:3      | Reached XP level 5. HP: 19/47 MP: 4/4
  1794 | D:3      | Reached XP level 6. HP: 21/53 MP: 5/5
  1934 | D:3      | Found a snail-covered altar of Cheibriados.
  2107 | D:3      | Noticed a shadow
  2108 | D:3      | Found a shadowy altar of Dithmenos.
  2113 | D:3      | Found a hazy altar of Hepliaklqana.
  2227 | D:3      | Found a white marble altar of Elyvilon.
  2291 | D:3      | Found a glowing golden altar of the Shining One.
  2741 | D:4      | Reached skill level 6 in Axes
  2847 | D:4      | Identified a scroll of acquirement
  2856 | D:4      | Found an ancient bone altar of Kikubaaqudgha.
  3018 | D:4      | Noticed Sigmund
  3236 | D:4      | HP: 2/55 [something/magic dart (4)]
  3237 | D:4      | Slain by Sigmund

Illustrated notes

Levels and vault maps discovered:
D:1:      matt_arrival_spirals, layout_loops_corners,
          hellmonk_ecumenical_altar_pennies_from_heaven
D:2:      layout_basic
D:3:      layout_basic, riverfiend_overflow_shadow_ancestor,
          mainiacjoe_overflow_alcove_4, mainiacjoe_overflow_catwalk_spiral,
          uniq_grinder
D:4:      layout_cave_pools, lemuel_zombie_altar_kikubaaqudgha,
          kennysheep_generic_room_12, uniq_sigmund

Skill      XL: |  1  2  3  4  5  6 |
---------------+-------------------+-----
Armour         | 4 5 |  5.7
Shields        | 4 |  4.8
Fighting       | 4 |  4.9
Axes           | 3 5 6 |  6.2

Action                     |  1- 3 |  4- 6 || total
---------------------------+-------+-------++-------
  Melee: War axe           |    68 |    97 ||   165
         Headbutt          |    12 |    17 ||    29
  Evoke: Wand              |       |     5 ||     5
    Use: Scroll            |     3 |     4 ||     7
         Potion            |       |     2 ||     2
 Armour: Scale mail        |    29 |    35 ||    64
  Dodge: Dodged            |    35 |    37 ||    72
  Block: Buckler           |    23 |    17 ||    40

Table legend: (Time is in decaauts)
 A = Elapsed time spent in this place.
 B = Non-inter-level travel time spent in this place.
 C = Inter-level travel time spent in this place.
 D = Time resting spent in this place.
 E = Time spent auto-exploring this place.
 F = Levels seen in this place.
 G = Mean time per level.
                   A        B        C        D        E       F      G
               +--------+--------+--------+--------+--------+-----+--------+
         Total |   3290 |   3136 |    154 |      0 |   2586 |   4 |  822.5 |
       Dungeon |   3290 |   3136 |    154 |      0 |   2586 |   4 |  822.5 |
               +--------+--------+--------+--------+--------+-----+--------+

Top non-repeatable levels by time:
     D:1: 1117 daAuts
     D:3: 1073 daAuts
     D:2: 610 daAuts
     D:4: 489 daAuts
